 Dungeon Crawl Stone Soup version 0.32-a0-900-g30fb1b0edc (webtiles) character file.

Game seed: 5700005654889296519

43988 PriceMaster the Stormcaller (level 14, -5/138 HPs)
             Began as a Tengu Air Elementalist on Apr 3, 2024.
             Was a Follower of Jiyva.
             Slain by a wolf spider (16 damage)
             ... on level 5 of the Lair of Beasts on Apr 5, 2024.
             The game lasted 00:48:19 (28344 turns).

PriceMaster the Stormcaller (TeAE)                 Turns: 28344, Time: 00:48:21

Health: -5/138     AC:  6    Str: 14    XL:     14   Next: 26%
Magic:  4/28       EV: 25    Int: 18    God:    Jiyva [*.....]
Gold:   851        SH:  0    Dex: 29    Spells: 2/32 levels left

rFire   . . .        D - +9 falchion of Ancient Evil {holy, *Rage Str+3 Dex+2 Stlth+}
rCold   . . .        b - orb {light}
rNeg    . . .        v - +0 steam dragon scales
rPois   .            (helmet restricted)
rElec   .            m - scarf {repulsion}
rCorr   .            s - +0 pair of gloves
SInv    .            (boots unavailable)
Will    +....        p - amulet of regeneration Stlth
                     r - +6 ring of dexterity
HPRegen 2.03/turn    H - +6 ring of dexterity
MPRegen 0.61/turn

%: random rage (20%), repel missiles, acrobat
@: mighty, berserking, lethally poisoned (-5 -> -5), marked, flying, slowed,
glowing
A: beak, talons 3, evasive flight, acrobatic, mutation resistance 1, robust 1
a: Renounce Religion


You were on level 5 of the Lair of Beasts.
You worshipped Jiyva.
Jiyva was aware of your devotion.
You visited 3 branches of the dungeon, and saw 20 of its levels.
You also visited: Bailey.

You collected 895 gold pieces.
You spent 44 gold pieces at shops.

Inventory:

Hand Weapons
 d - a +3 dagger of venom
 g - a +0 dagger
 k - a +2 scythe of freezing
 D - the +9 falchion of Ancient Evil (weapon) {holy, *Rage Str+3 Dex+2 Stlth+}
   (You found it on level 6 of the Dungeon)

   Str+3:     It affects your strength (+3).
   Dex+2:     It affects your dexterity (+2).
   *Rage:     It berserks you when you make melee attacks (+20% chance).
   Stlth+:    It makes you more stealthy.
Missiles
 j - 2 throwing nets
Armour
 a - a +0 robe
 b - an orb of light (worn)
 l - a +1 robe of willpower
 m - a scarf of repulsion (worn)
 s - a +0 pair of gloves (worn)
 v - +0 steam dragon scales (worn)
 Q - a scarf of invisibility
Jewellery
 f - a +4 ring of protection
 p - an amulet of regeneration (around neck)
 r - a +6 ring of dexterity (left hand)
 E - a ring of poison resistance
 H - a +6 ring of dexterity (right hand)
 I - an amulet of faith
 J - a ring of resist corrosion
 K - a +4 ring of protection
 O - a ring of protection from fire
 S - a +6 ring of dexterity
Wands
 t - a wand of polymorph (11)
 A - a wand of flame (22)
 B - a wand of warping (8)
Scrolls
 e - a scroll of torment
 h - 2 scrolls of silence
 n - 2 scrolls of immolation
 o - 8 scrolls of identify
 q - 3 scrolls of fog
 u - 4 scrolls of revelation
 x - a scroll of blinking
 C - 3 scrolls of amnesia
 N - a scroll of vulnerability
 P - a scroll of poison
Potions
 i - 3 potions of lignification
 z - a potion of ambrosia
 F - 5 potions of enlightenment


   Skills:
 * Level 8.9 Fighting
 + Level 2.2(6.3) Short Blades
 * Level 9.4(9.5) Long Blades
 * Level 9.8 Dodging
 + Level 4.4 Stealth
 + Level 9.6 Spellcasting
 * Level 11.7 Conjurations
 + Level 1.7 Translocations
 * Level 17.3 Air Magic
 + Level 0.2 Evocations


You had 2 spell levels left.
You knew the following spells:

 Your Spells              Type           Power      Damage    Failure   Level
a - Shock                 Conj/Air       100%       1d9       1%          1
b - Swiftness             Air            63%        N/A       1%          3
c - Static Discharge      Conj/Air       100%       3-8/arc   1%          2
d - Airstrike             Air            31%        2d(5-21)  1%          4
e - Vhi's Electric Charg  Tloc/Air       86%        N/A       1%          4
f - Iskenderun's Battles  Conj           50%        2d10      1%          5
g - Arcjolt               Conj/Air       28%        1d38      1%          5
h - Conjure Ball Lightni  Conj/Air       28%        3x3d8     3%          6

Your spell library contained the following spells:

 Spells                   Type           Power      Damage    Failure   Level
 Cigotuvi's Dreadful Rot  Necr/Alch/Air  58%        N/A       1%          2
 Mercury Vapours          Alch/Air       78%        N/A       1%          2
 Momentum Strike          Conj/Tloc      66%        3d9       1%          2
 Blink                    Tloc           28%        N/A       6%          2
 Lesser Beckoning         Tloc           28%        N/A       6%          2
 Call Imp                 Summ           16%        N/A       12%         2
 Scorch                   Fire           16%        2d5       12%         2
 Sublimation of Blood     Necr           8%         N/A       12%         2
 Mephitic Cloud           Conj/Alch/Air  43%        N/A       1%          3
 Freezing Cloud           Conj/Ice/Air   21%        6-21      4%          5
 Fulminant Prism          Conj/Alch      14%        3d8       8%          4
 Volatile Blastmotes      Fire/Tloc      22%        2d11      17%         3
 Irradiate                Conj/Alch      14%        3d16      21%         5
 Passwall                 Erth           8%         N/A       24%         3
 Olgreb's Toxic Radiance  Alch           8%         N/A       63%         4
 Petrify                  Alch/Erth      8%         N/A       63%         4
 Bombard                  Conj/Erth      14%        9d3       75%         6
 Ozocubu's Refrigeration  Ice            4%         4d8       100%        7
 Summon Hydra             Summ           4%         N/A       100%        7
 Discord                  Hex            4%         N/A       100%        8
 Chain Lightning          Conj/Air       28%        3d38      100%        9
 Fire Storm               Conj/Fire      14%        8d4       100%        9


Dungeon Overview and Level Annotations

Branches:
Dungeon (10/15)            Temple (0/1) D:5            Lair (5/5) D:10
  Swamp (0/4) Lair:3       Spider (0/4) Lair:3        Slime (5/5) Lair:4
 Bailey (visited)
    Orc: D:9-12

Altars:
Ashenzari
Dithmenos
Hepliaklqana
Kikubaaqudgha
Makhleb
Nemelex Xobeh
Sif Muna
Trog
Xom
Zin
Jiyva

Shops:
D:1 =   D:2 *(*(   D:4 *   D:8 *

Annotations:
D:1 2 transporters
Lair:2 exclusion: 4 oklob plants
Slime:5 Royal Jelly


Innate Abilities, Weirdness & Mutations

You have a beak for a mouth.
You have claws for feet.
Your magical flight helps you evade attacks. (EV +4)
You can magically evade attacks while moving or waiting.
You are somewhat resistant to further mutation.
You are robust. (+10% HP)


Message History

The guardian serpent completely misses you.
A wyvern comes into view.
The lindwurm is engulfed in poison gas.
The lindwurm looks as sick as possible!
The lindwurm barely misses you. The lindwurm claws you.
* * * LOW HITPOINT WARNING * * *
The lindwurm claws you.
* * * LOW HITPOINT WARNING * * *
The komodo dragon is engulfed in poison gas.
The komodo dragon looks even sicker.
The komodo dragon completely misses you.
The torpor snail is engulfed in poison gas.
The torpor snail looks even sicker.
The torpor snail bites you!
* * * LOW HITPOINT WARNING * * *
You slice the torpor snail!! You claw the torpor snail.
The torpor snail is severely wounded.
You feel sick.
The wolf spider is engulfed in poison gas.
The wolf spider looks even sicker.
The wolf spider closely misses you. The wolf spider completely misses you.
The guardian serpent completely misses you.
The komodo dragon is engulfed in poison gas.
The komodo dragon looks even sicker.
The komodo dragon misses you.
The lindwurm is engulfed in poison gas.
The lindwurm looks as sick as possible!
You kill the lindwurm!
A water moccasin comes into view.
You are too berserk!
You hit the torpor snail but do no damage.
The torpor snail is severely wounded.
The wolf spider is engulfed in poison gas.
The wolf spider looks even sicker.
The wolf spider hits you!
* * * LOW HITPOINT WARNING * * *
The wolf spider misses you.
The guardian serpent closely misses you.
The torpor snail is engulfed in poison gas.
The torpor snail looks even sicker.
The torpor snail completely misses you.
The wolf spider is engulfed in poison gas.
The wolf spider looks as sick as possible!
The wolf spider hits you!
You die...
Jiyva sends a jelly to digest your remains.

# ##### ## ..####
##§§S##☼#
.....#####sl§k§§##
.....##☼§@S##...##
#..#☼.☼w####.S.###
##.§.○○## ###...#
## ####§§§○#○#
#...## ###.
###..§§§○#§##
#...## #...
###....○§☼#§##
#..### #...
##......§§#### #..
..J.
##...####§§.#.#
..# #... ß...##
#.#...### .#. P...


You could see a torpor snail (very poisoned), a wolf spider (extremely
poisoned), a komodo dragon (very poisoned), a guardian serpent, a water moccasin
and a wyvern.

Vanquished Creatures
  An orc warlord (Bailey)
  An eleionoma (Lair:3)
  2 hydras
  6 death yaks
  A skyshark (Lair:2)
  The ghost of EvilEddieB the Trooper, a novice DsGl of Yredelemnul (D:8)
  An orb spider (Lair:3)
  2 lindwurms (Lair:5)
  2 manticores (Lair:2)
  10 black mambas
  4 torpor snails (Lair:5)
  An elephant (Lair:2)
  11 cane toads
  An unseen horror (D:10)
  5 komodo dragons
  2 ice devils (Lair:2)
  2 rime drakes
  Psyche (D:8)
  A queen bee (Lair:2)
  10 dream sheep
  14 blink frogs
  7 hornets (Lair:5)
  3 tyrant leeches (Lair:5)
  Sigmund (D:2)
  3 slime creatures (Lair:4)
  12 wyverns
  A wraith (D:10)
  27 yaks
  5 basilisks
  2 steam dragons (Lair:2)
  Menkaure (D:7)
  21 water moccasins
  2 sky beasts
  7 orc warriors
  2 ice beasts
  A black bear (D:6)
  2 ogres
  25 wolves
  3 centaurs (D:9)
  A kobold brigand (D:9)
  8 bullfrogs
  13 wights
  43 killer bees
  3 howler monkeys
  A crimson imp (D:3)
  5 quasits (D:8)
  4 hounds
  3 orc priests
  A gnoll bouda (D:8)
  3 jellies
  A sleepcap (D:6)
  Jessica (D:2)
  Ijyb (D:4)
  2 orc wizards (D:3)
  Natasha (thrice) (D:2)
  5 iguanas
  Robin (D:2)
  4 gnolls
  10 adders
  A river rat (Lair:2)
  4 white imps
  2 dart slugs
  30 orcs
  9 ball pythons
  10 endoplasms
  4 giant cockroaches
  27 goblins
  8 hobgoblins
  8 jackals
  20 kobolds
  2 quokkas
  7 bats
  4 frilled lizards
  8 rats
461 creatures vanquished.

Vanquished Creatures (others)
  10 jellies (Lair:5)
  12 ball lightnings
22 creatures vanquished.

Grand Total: 483 creatures vanquished

Notes
Turn   | Place    | Note
-------+----------+-------------------------------------------
     0 | D:1      | PriceMaster the Tengu Air Elementalist began the quest for
                  | the Orb.
     0 | D:1      | Reached XP level 1. HP: 10/10 MP: 4/4
   115 | D:1      | Reached XP level 2. HP: 15/15 MP: 3/6
   160 | D:1      | Found a faded altar of an unknown god.
   362 | D:1      | Reached XP level 3. HP: 8/19 MP: 2/7
   469 | D:1      | Reached skill level 5 in Air Magic
   979 | D:1      | Found Tac Lun's One-of-a-Kind Rings.
  1262 | D:2      | Learned a level 3 spell: Swiftness
  1325 | D:2      | Learned a level 2 spell: Static Discharge
  1354 | D:2      | Noticed Robin
  1373 | D:2      | Killed Robin
  1374 | D:2      | Reached XP level 4. HP: 3/24 MP: 6/8
  1529 | D:2      | Found Pefor's Antique Weapon Boutique.
  1675 | D:2      | Found Byez's Assorted Antiques.
  1681 | D:2      | Bought a black potion for 21 gold pieces
  1690 | D:2      | Noticed Jessica
  1962 | D:2      | Killed Jessica
  1963 | D:2      | Reached skill level 1 in Fighting
  1963 | D:2      | Reached XP level 5. HP: 29/29 MP: 2/9
  2046 | D:2      | Found Jyzipnucif's Assorted Antiques.
  2051 | D:2      | Found an ancient bone altar of Kikubaaqudgha.
  2075 | D:2      | Found Noqakual's Antique Weapon Emporium.
  2089 | D:2      | Noticed Sigmund
  2096 | D:2      | Killed Sigmund
  2097 | D:2      | Reached skill level 6 in Air Magic
  2097 | D:2      | Reached XP level 6. HP: 16/34 MP: 1/11
  2185 | D:2      | Noticed Natasha
  2197 | D:2      | Killed Natasha
  2471 | D:2      | Bought a bubbling black potion for 23 gold pieces
  2486 | D:2      | Noticed Natasha
  2491 | D:2      | Killed Natasha
  2775 | D:2      | Noticed Natasha
  2783 | D:2      | Killed Natasha
  3340 | D:3      | Found a burning altar of Makhleb.
  3340 | D:3      | Found a shimmering altar of Xom.
  3345 | D:3      | Gained mutation: Your magical flight helps you evade
                  | attacks. (EV +4) [Tengu growth]
  3345 | D:3      | Reached XP level 7. HP: 26/39 MP: 7/12
  3555 | D:3      | Learned a level 4 spell: Airstrike
  3704 | D:3      | Reached skill level 7 in Air Magic
  4036 | D:4      | Found Rannuelo's Assorted Antiques.
  4055 | D:4      | Reached skill level 1 in Short Blades
  4566 | D:4      | You are sucked into a shaft and drop 2 floors!
  4576 | D:5      | Entered Level 5 of the Dungeon
  4963 | D:5      | Found a staircase to the Ecumenical Temple.
  5176 | D:5      | Reached XP level 8. HP: 45/45 MP: 9/14
  5658 | D:4      | Reached skill level 8 in Air Magic
  5831 | D:4      | Reached skill level 5 in Conjurations
  6153 | D:4      | Noticed Ijyb
  6160 | D:4      | Killed Ijyb
  6449 | D:6      | Identified the +9 falchion of Ancient Evil {holy, *Rage
                  | Str+3 Dex+2 Stlth+}
  6826 | D:6      | Reached skill level 9 in Air Magic
  6947 | D:6      | Found a sparkling altar of Nemelex Xobeh.
  7483 | D:6      | Reached skill level 1 in Long Blades
  7483 | D:6      | Reached XP level 9. HP: 51/51 MP: 10/16
  8507 | D:7      | Reached skill level 10 in Air Magic
  8613 | D:7      | Noticed Menkaure
  8615 | D:7      | Killed Menkaure
  8940 | D:7      | Learned a level 4 spell: Vhi's Electric Charge
  9101 | D:8      | Reached skill level 5 in Spellcasting
  9300 | D:8      | Found a hazy altar of Hepliaklqana.
  9311 | D:8      | Found a transporter.
  9311 | D:8      | Noticed EvilEddieB's ghost (novice DsGl)
  9326 | D:8      | Found a transporter.
  9534 | D:8      | Found Cuiph's Lightly-Used Armoury.
  9603 | D:8      | Found a shimmering blue altar of Sif Muna.
  9627 | D:8      | Reached skill level 5 in Dodging
  9730 | D:8      | Noticed Psyche
  9732 | D:8      | Killed Psyche
  9823 | D:8      | Found a bloodstained altar of Trog.
 10172 | D:8      | Killed EvilEddieB's ghost
 10173 | D:8      | Reached skill level 11 in Air Magic
 10173 | D:8      | Reached XP level 10. HP: 28/58 MP: 7/19
 10424 | D:9      | Found a flagged portal.
 10437 | Bailey   | Entered a bailey
 10465 | Bailey   | Reached skill level 1 in Translocations
 10815 | Bailey   | Noticed an orc warlord
 10856 | Bailey   | Found a runed translucent gate.
 10856 | Bailey   | Found a runed translucent gate.
 10856 | Bailey   | Found a runed translucent gate.
 11069 | Bailey   | Gained mutation: You are robust. (+10% HP) [potion of
                  | mutation]
 11069 | Bailey   | Gained mutation: You are somewhat resistant to further
                  | mutation. [potion of mutation]
 11095 | Bailey   | Killed an orc warlord
 11096 | Bailey   | Reached skill level 5 in Fighting
 11096 | Bailey   | Reached skill level 5 in Long Blades
 11126 | Bailey   | Got the Anthology of the Fifth Circle and the Sky
 11354 | D:9      | Learned a level 5 spell: Iskenderun's Battlesphere
 11403 | D:9      | Reached skill level 12 in Air Magic
 12076 | D:9      | Found a broken altar of Ashenzari.
 13226 | D:9      | Found a glowing silver altar of Zin.
 13650 | D:9      | Acquired the Enchiridion on Kindling and the Salvo
 13887 | D:10     | Entered Level 10 of the Dungeon
 13895 | D:10     | Found a shadowy altar of Dithmenos.
 14023 | D:10     | Noticed an unseen horror
 14027 | D:10     | Killed an unseen horror
 14028 | D:10     | Reached XP level 11. HP: 58/70 MP: 13/21
 14167 | D:10     | Reached skill level 13 in Air Magic
 14529 | D:10     | Found a staircase to the Lair.
 14707 | Lair:1   | Entered Level 1 of the Lair of Beasts
 16384 | Lair:1   | Reached skill level 14 in Air Magic
 16660 | Lair:2   | Noticed a skyshark
 16672 | Lair:2   | Killed a skyshark
 16890 | Lair:2   | Reached XP level 12. HP: 71/78 MP: 4/24
 17458 | Lair:2   | Learned a level 5 spell: Arcjolt
 17597 | Lair:2   | Reached skill level 15 in Air Magic
 18077 | Lair:2   | Noticed an eight-headed hydra
 18083 | Lair:2   | Killed an eight-headed hydra
 18400 | Lair:2   | Reached skill level 10 in Conjurations
 19218 | Lair:2   | Reached XP level 13. HP: 85/85 MP: 8/26
 19647 | Lair:3   | Reached skill level 16 in Air Magic
 21634 | Lair:3   | Found a staircase to the Swamp.
 21634 | Lair:3   | Noticed an eleionoma
 21643 | Lair:3   | Killed an eleionoma
 22222 | Lair:3   | Found a hole to the Spider Nest.
 23074 | Lair:4   | Learned a level 6 spell: Conjure Ball Lightning
 23856 | Lair:4   | Upgraded the game from 0.32-a0-893-gf85d74f360 to
                  | 0.32-a0-900-g30fb1b0edc
 24390 | Lair:4   | Found a staircase to the Slime Pits.
 24390 | Lair:4   | Found a viscous altar of Jiyva.
 24895 | Slime:1  | Entered Level 1 of the Pits of Slime
 24904 | Slime:1  | Noticed a quicksilver ooze
 24905 | Slime:1  | Noticed an acid blob
 25157 | Lair:4   | Became a worshipper of Jiyva Jopiadax the Shapeless
 25360 | Slime:1  | Noticed a great orb of eyes
 25495 | Slime:2  | Noticed an acid blob
 25508 | Slime:2  | Noticed an acid blob
 25510 | Slime:2  | Noticed a rockslime
 25510 | Slime:2  | Noticed an acid blob
 25513 | Slime:2  | Noticed a great orb of eyes
 25521 | Slime:2  | Noticed a rockslime
 25560 | Slime:2  | Noticed an azure jelly
 25579 | Slime:2  | Noticed a quicksilver ooze
 25622 | Slime:2  | Noticed a great orb of eyes
 25812 | Slime:3  | Noticed a rockslime
 25834 | Slime:3  | Noticed a quicksilver ooze
 25843 | Slime:3  | Noticed a quicksilver ooze
 25963 | Slime:3  | Noticed an acid blob
 25971 | Slime:3  | Noticed an acid blob
 26053 | Slime:3  | Noticed a quicksilver ooze
 26111 | Slime:4  | Noticed an acid blob
 26111 | Slime:4  | Noticed a rockslime
 26111 | Slime:4  | Noticed a quicksilver ooze
 26123 | Slime:4  | Noticed an acid blob
 26167 | Slime:4  | Noticed a great orb of eyes
 26206 | Slime:5  | Entered Level 5 of the Pits of Slime
 26206 | Slime:5  | Noticed an acid blob
 26222 | Slime:5  | Noticed a quicksilver ooze
 26231 | Slime:5  | Noticed an azure jelly
 26259 | Slime:5  | Noticed an acid blob
 26291 | Slime:5  | Noticed a great orb of eyes
 26294 | Slime:5  | Noticed a great orb of eyes
 26294 | Slime:5  | Noticed an acid blob
 26301 | Slime:5  | Noticed an acid blob
 26312 | Slime:5  | Noticed an acid blob
 26327 | Slime:5  | Noticed a quicksilver ooze
 26353 | Slime:5  | Noticed an azure jelly
 26353 | Slime:5  | Noticed a rockslime
 26355 | Slime:5  | Noticed a great orb of eyes
 26375 | Slime:5  | Found the +5 robe of Night {Dark Will+ SInv}
 26379 | Slime:5  | Found a viscous altar of Jiyva.
 26406 | Slime:5  | Noticed a great orb of eyes
 26408 | Slime:5  | Noticed an acid blob
 26425 | Slime:5  | Noticed a great orb of eyes
 26431 | Slime:5  | Noticed an azure jelly
 26450 | Slime:5  | Noticed an acid blob
 26451 | Slime:5  | Noticed the Royal Jelly
 26454 | Slime:5  | Noticed an acid blob
 26519 | Slime:3  | Noticed an azure jelly
 26580 | Lair:5   | Entered Level 5 of the Lair of Beasts
 27237 | Lair:5   | Reached XP level 14. HP: 92/92 MP: 9/28
 27592 | Lair:5   | Reached skill level 17 in Air Magic
 28299 | Lair:5   | Reached * piety under Jiyva
 28344 | Lair:5   | Slain by a wolf spider

Illustrated notes

Levels and vault maps discovered:
D:1:      spicycebolla_arrival_transporter_tutorial, layout_loops_ring,
          basic_ecumenical_altar, chequers_serial_rivers_marsh,
          amcnicky_mini_corridor_feature, minmay_misc_feat_tiny,
          nicolae_shop_unique_rings, nicolae_figureground_pulse
D:2:      layout_basic, serial_shops, nicolae_lakefront_shop,
          nicolae_shop_tiny_statue_garden, nicolae_square_shop,
          nicolae_shop_hallway_stairs, basic_altar, uniq_robin, uniq_jessica,
          uniq_natasha, uniq_sigmund
D:3:      layout_basic, grunt_temple_overflow_champion_of_chaos
D:4:      minmay_chambers_of_twos, layout_layer_cave, serial_shops, shop,
          uniq_ijyb
D:5:      layout_rooms, minmay_temple_entry_mini_moons, serial_curves,
          eino_curves_01, eino_curves_01, nrook_mini_backslash,
          kennysheep_generic_room_4
D:6:      layout_basic, nemelex_dance_club_becter
D:7:      layout_gridville, uniq_menkaure
D:8:      layout_loops_ring, mainiacjoe_overflow_24_doors, lemuel_doored_altar,
          mainiacjoe_overflow_surrounded_room, gammafunk_ghost_stat_death,
          grunt_ministairs_3, minmay_shop_damaged, minmay_crystal_water,
          uniq_psyche
D:9:      layout_basic, amcnicky_altar_gilded, mainiacjoe_overflow_alcove_4,
          enter_bailey_3, kennysheep_path_1
D:10:     layout_roguey, mainiacjoe_overflow_alcove_1,
          nicolae_tso_swordbearing_angel, david_lair_shrubbed, nicolae_titane,
          uniq_joseph
Lair:1:   layout_gridlike, chequers_serial_rivers_micro_d
Lair:2:   hangedman_what_comes_after_a, layout_chaotic_city,
          portal_ice_cave_demonic_guard, minivault_27,
          chequers_serial_rivers_small_b
Lair:3:   layout_regular_city, alex1729_swamp_entry_worm_eleionoma,
          nicolae_spider_entry_orb_guardian, grunt_forest_small_clearing_treed
Lair:4:   layout_cave_pods, minmay_slime_entry_pillars
Lair:5:   wormcave, layout_regular_city, hangedman_lair_tendril_chambers,
          gammafunk_ghost_hive, chequers_serial_rivers_large_a,
          lemuel_fruit_tree
Slime:1:  layout_caves
Slime:2:  layout_caves, nicolae_slime_crime_time
Slime:3:  layout_caves
Slime:4:  layout_caves
Slime:5:  slime_pit

Skill      XL: |  1  2  3  4  5  6  7  8  9 10 11 12 13 14 |
---------------+-------------------------------------------+-----
Air Magic      | 5 6 7 9 11 12 14 15 16 17 | 17.3
Conjurations   | 2 3 4 5 7 8 10 11 | 11.7
Fighting       | 1 2 3 4 5 6 7 8 |  8.9
Dodging        | 3 4 5 6 7 8 9 |  9.8
Spellcasting   | 3 4 5 6 7 8 9 |  9.6
Short Blades   | 1 2 |  2.2
Stealth        | 3 4 |  4.4
Long Blades    | 1 3 5 7 8 9 |  9.4
Translocations | 1 |  1.7
Evocations     | |  0.2

Action                     |  1- 3 |  4- 6 |  7- 9 | 10-12 | 13-15 || total
---------------------------+-------+-------+-------+-------+-------++-------
  Melee: Dagger            |    20 |    27 |    55 |       |       ||   102
         Kick              |     4 |     5 |    42 |    72 |    61 ||   184
         Peck              |     1 |     4 |    32 |    49 |    39 ||   125
         Falchion          |       |       |    60 |   202 |   131 ||   393
   Cast: Shock             |    52 |    34 |    29 |    77 |    46 ||   238
         Static Discharge  |     1 |    19 |    42 |    21 |     5 ||    88
         Swiftness         |     1 |     2 |    10 |    22 |    12 ||    47
         Airstrike         |       |       |    22 |    61 |    41 ||   124
         Vhi's Electric Ch |       |       |     4 |    19 |     5 ||    28
         Iskenderun's Batt |       |       |       |    32 |    16 ||    48
         Arcjolt           |       |       |       |    17 |    45 ||    62
         Conjure Ball Ligh |       |       |       |       |     5 ||     5
  Evoke: Wand              |       |       |       |     2 |     3 ||     5
    Use: Potion            |     1 |       |     2 |    16 |    12 ||    31
         Scroll            |       |     3 |    13 |     1 |     8 ||    25
   Stab: Sleeping          |     2 |       |     1 |       |       ||     3
         Paralysed         |       |       |       |       |     5 ||     5
 Armour: Robe              |    28 |    42 |   118 |   121 |       ||   309
         Steam dragon scal |       |       |       |     6 |   102 ||   108
  Dodge: Dodged            |    39 |    33 |   158 |   340 |   242 ||   812
         Repelled          |       |       |     3 |     6 |     3 ||    12

Table legend: (Time is in decaauts)
 A = Elapsed time spent in this place.
 B = Non-inter-level travel time spent in this place.
 C = Inter-level travel time spent in this place.
 D = Time resting spent in this place.
 E = Time spent auto-exploring this place.
 F = Levels seen in this place.
 G = Mean time per level.
                   A        B        C        D        E       F      G
               +--------+--------+--------+--------+--------+-----+--------+
         Total |  28720 |  28203 |    517 |  11188 |  14181 |  21 | 1367.6 |
       Dungeon |  13933 |  13669 |    264 |   3228 |   8968 |  10 | 1393.3 |
          Lair |  12629 |  12511 |    118 |   7351 |   4062 |   5 | 2525.8 |
    Slime Pits |   1220 |   1086 |    134 |      0 |   1002 |   5 |  244.0 |
        Bailey |    937 |    937 |      0 |    608 |    149 |   1 |  937.0 |
               +--------+--------+--------+--------+--------+-----+--------+

Top non-repeatable levels by time:
  Lair:2: 3514 daAuts
  Lair:4: 3249 daAuts
     D:9: 2599 daAuts
  Lair:3: 2516 daAuts
  Lair:1: 1931 daAuts
     D:2: 1590 daAuts
     D:4: 1531 daAuts
     D:6: 1446 daAuts
  Lair:5: 1416 daAuts
     D:7: 1323 daAuts
     D:8: 1303 daAuts
     D:1: 1252 daAuts
     D:3: 1111 daAuts
     D:5: 946 daAuts
  Bailey: 937 daAuts
